 Seeded DCSS version 0.30.0-18-gc0e69614cb (webtiles) character file.

Game seed: 5 (custom seed)

32 Kazon the Sneak (level 3, -1/24 HPs)
             Began as an Octopode Brigand on May 25, 2023.
             Slain by a ball python (2 damage)
             ... on level 1 of the Dungeon.
             The game lasted 00:03:58 (832 turns).

Kazon the Sneak (Octopode Brigand)                   Turns: 832, Time: 00:03:59

Health: -1/24      AC:  1    Str: 10    XL:     3   Next: 25%
Magic:  3/3        EV:  3    Int: 13    God:
Gold:   91         SH: 11    Dex: 15    Spells: 2/2 levels left

rFire   . . .        a - +2 dagger
rCold   . . .        c - +0 tower shield
rNeg    . . .        (helmet restricted)
rPois   .            (no amulet)
rElec   .            (no ring)
rCorr   .            (no ring)
SInv    .            (no ring)
Will    .....        (no ring)
Stlth   ++++         (no ring)
HPRegen 0.24/turn    (no ring)
MPRegen 0.08/turn    (no ring)
                     (no ring)

%: no passive effects
@: lethally poisoned (-1 -> -4), constricted, studying Dodging
A: almost no armour, amphibious, 8 rings, camouflage 1, gelatinous body 1,
(nimble swimmer 1), tentacles
a: no special abilities


You were on level 1 of the Dungeon.
You visited 1 branch of the dungeon, and saw 2 of its levels.

You collected 91 gold pieces.

Inventory:

Hand Weapons
 a - a +2 dagger (weapon)
Missiles
 b - 9 poisoned darts (quivered)
 d - 3 boomerangs
 f - 3 curare-tipped darts
 h - 3 stones
Armour
 c - a +0 tower shield (worn)
Scrolls
 j - a scroll of fog {unknown}
 k - a scroll of vulnerability {unknown}
Potions
 e - 2 potions of curing {unknown}
 g - a potion of resistance {unknown}
 i - a potion of magic {unknown}


   Skills:
 + Level 2.2 Fighting
 + Level 2.1 Short Blades
 + Level 2.2 Throwing
 + Level 1.0 Dodging
 + Level 6.4 Stealth


You had 2 spell levels left.
You didn't know any spells.
Your spell library was empty.

Dungeon Overview and Level Annotations

Branches:
Dungeon (2/15)

Altars:


Innate Abilities, Weirdness & Mutations

You cannot wear most types of armour.
You are amphibious.
You can wear up to eight rings at the same time.
Your skin changes colour to match your surroundings (Stealth+).
Your rubbery body absorbs attacks. (AC +1, EV +1)
((You are camouflaged when in or above water. (Stealth+)))
You have tentacles for arms and can constrict up to eight enemies at once.


Message History

You see here 13 gold pieces.
You now have 91 gold pieces (gained 13).
A goblin and an adder come into view.
The adder hisses angrily.
The ball python hisses angrily.
The ball python attacks as you move away!
The ball python completely misses you.
There is an escape hatch in the ceiling here.
The ball python bites you. The ball python grabs you.
You stop ascending the stairs.
The ball python constricts you.
Unknown command.
You escape the ball python's grasp.
The adder bites you. You block the ball python's attack.
The ball python barely misses you. The goblin hits you but does no damage.
A mysterious force pulls you upwards. The hatch slams shut behind you.
You barely miss the adder. You grab the adder.
Your tentacle-slap misses the adder.
Your squeeze misses the adder. You constrict the adder. The adder bites you.
You block the ball python's attack. The ball python grabs you.
The ball python constricts you. The goblin hits you with a +0 club.
The adder bites you.
You are poisoned.
The adder poisons you! You block the ball python's attack.
The ball python constricts you.
You hit the adder.
The adder is lightly wounded.
You constrict the adder.
You feel very sick. The adder bites you.
* * * LOW HITPOINT WARNING * * *
You block the goblin's attack. You block the ball python's attack.
The ball python constricts you.
* * * LOW HITPOINT WARNING * * *
The adder barely misses you. The goblin hits you with a +0 club.
* * * LOW HITPOINT WARNING * * *
You hit the adder.
The adder is heavily wounded.
You constrict the adder.
* * * LOW HITPOINT WARNING * * *
You feel sick. The ball python bites you.
You die...

#.[....#....#.........#
#..###.#.##.#.#######.#
#..>.....##.#.#### ##'####
#...##..###.#....# #.....# ##
#.........#.#....# #.....# #.
###...####.##.#....# #.....#####.
#.............#....# #......††.'.
#.#.#.######.##g######.....#####.
#.#...........#S@S...'.>...+....#
#.###..######.########.....####.#
#.####..#####...# #.....####.#
#.............#.#### #.......##.#
.########..####....###......[##.#
........##..# ####...#.......##.#
.######.###.########........)....
.# #..........................#.#
.# #.##.###.#################.#..


You could see an adder, a goblin and a ball python.

Vanquished Creatures
  2 bats (D:1)
  5 endoplasms (D:1)
  A giant cockroach (D:1)
  4 goblins (D:1)
  A hobgoblin (D:1)
  7 jackals (D:1)
  A kobold (D:1)
  2 ball pythons (D:1)
  A frilled lizard (D:1)
  A rat (D:1)
25 creatures vanquished.

Notes
Turn   | Place    | Note
-------+----------+-------------------------------------------
     0 | D:1      | Kazon the Octopode Brigand began the quest for the Orb.
     0 | D:1      | Reached XP level 1. HP: 14/14 MP: 1/1
    39 | D:1      | Identified a scroll of acquirement
    39 | D:1      | Acquired a manual of Dodging
    98 | D:1      | Reached XP level 2. HP: 19/19 MP: 2/2
   299 | D:1      | Reached skill level 6 in Stealth
   442 | D:1      | Reached XP level 3. HP: 23/24 MP: 3/3
   832 | D:1      | HP: 1/24 [poisoned by an adder]
   832 | D:1      | Slain by a ball python

Illustrated notes

Levels and vault maps discovered:
D:1:      ebering_trefoil_3fold, layout_basic, st_stairs_14, serial_bayou_ford_a
D:2:      layout_basic, hangedman_decor_growths, minmay_close_crescents

Skill      XL: |  1  2 |
---------------+-------+-----
Stealth        | 6 |  6.4
Fighting       | |  2.2
Short Blades   | |  2.1
Throwing       | |  2.2
Dodging        | |  1.0

Action                     || total
---------------------------++-------
  Melee: Dagger            ||    45
         Constrict         ||    12
         Tentacles         ||     8
  Throw: Dart              ||     2
    Use: Scroll            ||     1
   Stab: Sleeping          ||    10
 Armour: Skin              ||     5
  Dodge: Dodged            ||    14
  Block: Tower shield      ||    10
